lol, chaotic male giant Caveman |.)..- -...<. .(.%.- -...).. --)---.. -@.- -.% r... h lol the Young Cave Man Experience level: 6 Strength: 18/02 Dexterity: 14 Constitution: 16 Intelligence: 9 Wisdom: 9 Charisma: 8 Health: 0(38) Energy: 16(16) Def: 10 Gold: 97 Moves: 1843 Dungeon seed: WQQBZxsieyKjuryP Game ID: lol_1539032547 Your Inventory: Coins $ - 97 gold pieces Weapons a - an uncursed +1 club (weapon in hand) b - an uncursed +2 sling (alternate weapon; not wielded) m - an uncursed +0 aklys Armor g - an uncursed +0 dwarvish mithril-coat i - an uncursed +0 dwarvish cloak j - an uncursed +0 pair of iron shoes o - an uncursed +0 dwarvish cloak q - an uncursed +0 dwarvish iron helm z - a blessed +0 dwarvish cloak N - an uncursed +0 pair of iron shoes Scrolls d - 2 uncursed scrolls of scare monster f - an uncursed scroll of teleportation Potions c - an uncursed potion of healing Rings h - an uncursed ring of free action (on left hand) Tools l - an uncursed +0 pick-axe Gems e - 12 uncursed flints (in quiver) n - 24 uncursed rocks Boulders/Statues Y - an uncursed boulder Spells and supernatural/magical abilities: Name Level Category Fail Memory W - pray for help -- divine ? -- Your skills at the end: Miscellaneous Skills bare handed combat [Basic] Weapon Skills two-handed sword [Basic] club [Basic] sling [Basic] Spellcasting Skills Final Attributes: You were devoutly aligned. You had infravision. You were somewhat stealthy. You had free action. You are dead. Vanquished creatures: a gnome king 3 gnome lords a gnomish wizard a ghoul 2 giant ants 7 dwarves a kobold lord a hobbit 20 gnomes 3 manes a gnome zombie a jackal 2 foxes 4 newts 5 grid bugs 4 lichens a kobold zombie 58 creatures vanquished. Voluntary challenges: You did not wear any clothing or armor. You did not cause conflict. You were not invisible. You did not have reflection. You were not displaced. You were an atheist. You used a wielded weapon 62 times, starting on turn 1. You did not use containers. You did not apply a unicorn horn. You did not use plumbed fixtures. You did not drink any magical draughts. You were illiterate. You never genocided any monsters. You never polymorphed an object. You never changed form. You used no wishes. You never split a pudding. You never wrote Elbereth's name. You never violated your personal moral code. Dungeon overview: The Dungeons of Doom: levels 1 to 2 Level 1 a long staircase Level 2 stairs to The Gnomish Mines The Gnomish Mines: levels 3 to 5 Level 3 stairs to The Dungeons of Doom Level 4 Level 5 <- You were here History has recorded: On T:1 you entered the Dungeons of Doom to retrieve the Amulet of Yendor! On T:387 you reached level 2 of The Dungeons of Doom. On T:718 you reached level 1 of The Gnomish Mines. On T:723 you advanced to experience level 2. On T:750 you advanced to experience level 3. On T:836 you advanced to experience level 4. On T:1412 you reached level 2 of The Gnomish Mines. On T:1441 you advanced to experience level 5. On T:1752 you reached level 3 of The Gnomish Mines. On T:1813 you advanced to experience level 6. Score breakdown: Gold: 97 ( 9 points) Experience: 6 levels ( 500 points) Exploration: 5 levels ( 120 points) Discoveries: 2 items ( 100 points) Variety of kills: 17 monsters ( 850 points) Major goal: (nothing yet) ( 0 points) Survival: died (score multiplied by 3) Total score: 4737 Latest messages: You kill the dwarf! You resume your meal. You stop eating. (3x) You feel more confident in your weapon skills. You hit the gnome lord! The gnome lord punches you! The gnome lord just misses! You hit the gnome lord! The gnome lord zaps a pine wand! The gnome lord has made a hole in the floor. The gnome lord falls through... You resume your meal. You stop eating. (2x) The rabid rat bites! (3x) You hit the rabid rat! The rabid rat bites! The dwarf wields a dagger! You have so little stamina, the boulder drops from your grasp. A boulder hits the floor. The rabid rat just misses! The rabid rat bites! You die... Final status: Goodbye lol the Caveman, killed by a rabid rat... You died in The Gnomish Mines on dungeon level 5 with 4737 points, and 97 pieces of gold, after 1843 moves. You were level 6 with a maximum of 38 hit points when you died.